 Dungeon Crawl Stone Soup version 0.28.0-53-g5a82cb258f (webtiles) character file.

Game seed: 479593488368238287

11037 Basuran the Nimble (level 12, -1/91 HPs)
             Began as a Djinni Fire Elementalist on Aug 20, 2022.
             Was a Follower of Makhleb.
             Slain by a lindwurm (4 damage)
             ... while petrified by a basilisk
             ... on level 3 of the Lair of Beasts.
             The game lasted 00:44:11 (18492 turns).

Basuran the Nimble (Djinni Fire Elementalist)      Turns: 18492, Time: 00:44:14

Health: -1/91      AC:  5    Str: 17    XL:     12   Next: 2%
Gold:   505        EV:  2    Int: 26    God:    Makhleb [*.....] SH:  0 Dex: 14

rFire   + + .      SeeInvis +   r - +2 mace (protect)
rCold   x . .      Faith    .   (no shield)
rNeg    + + +      Spirit   .   h - +1 robe of the Arcane {Str+4 Int+4}
rPois   ∞          Reflect  .   e - +0 helmet
rElec   .          Harm     .   u - +0 cloak
rCorr   .          Rampage  .   (no gloves)
Will    +....                   (boots unavailable)
Stlth   ++........              (no amulet)
HPRegen 0.25/turn               c - +6 ring of strength
MPRegen 0.00/turn               w - ring of see invisible

@: petrified, flying
A: sickness immunity, fire resistance 2, cold vulnerability 1, float, innate
caster, HP casting, extra vitality 1
a: Renounce Religion


You were on level 3 of the Lair of Beasts.
You worshipped Makhleb.
Makhleb was aware of your devotion.
You visited 4 branches of the dungeon, and saw 16 of its levels.

You collected 549 gold pieces.
You spent 44 gold pieces at shops.

Inventory:

Hand Weapons
 b - a +0 short sword
 k - a +1 rapier
 r - a +2 mace of protection (weapon)
Armour
 e - a +0 helmet (worn)
 h - the +1 robe of the Arcane (worn) {Str+4 Int+4}
   (You found it on level 5 of the Dungeon)

   Str:       It affects your strength (+4).
   Int:       It affects your intelligence (+4).
 u - a +0 cloak (worn)
Magical Staves
 o - a staff of poison
 E - a staff of earth
Jewellery
 c - a +6 ring of strength (left hand)
 w - a ring of see invisible (right hand)
Wands
 q - a wand of mindburst (10)
 y - a wand of polymorph (3)
 A - a wand of acid (1)
Scrolls
 a - a scroll of enchant weapon
 m - a scroll of blinking
 t - 2 scrolls of teleportation
 x - 3 scrolls of fear
 B - 2 scrolls of noise
 C - a scroll of enchant armour {unknown}
Potions
 d - a potion of might
 f - 2 potions of invisibility
 g - 5 potions of curing
 i - 2 potions of brilliance
 j - a potion of attraction
 l - 2 potions of mutation {unknown}
 n - 2 potions of flight
 p - a potion of berserk rage {unknown}
 s - 2 potions of degeneration
 v - a potion of lignification {unknown}
 z - a potion of heal wounds {unknown}


   Skills:
 + Level 9.7 Fighting
 + Level 10.9 Dodging
 - Level 1.5 Stealth
 * Level 8.1 Spellcasting
 - Level 6.6 Evocations


You had one spell level left.
You knew the following spells:

 Your Spells              Type           Power      Damage    Failure   Level
a - Foxfire               Conj/Fire      100%       2x1d9     1%          1
b - Scorch                Fire           100%       2d10      1%          2
c - Conjure Flame         Conj/Fire      52%        6-21      1%          3
d - Inner Flame           Hex/Fire       52%        N/A       1%          3
e - Flame Wave            Conj/Fire      52%        2d11      1%          4
f - Pain                  Necr           100%       1d9       1%          1
g - Passwall              Tmut/Erth      43%        N/A       1%          2
h - Lesser Beckoning      Tloc           52%        N/A       1%          3
i - Frozen Ramparts       Ice            100%       1d12      1%          3
j - Anguish               Hex/Necr       26%        N/A       1%          4
Your spell library was empty.

Dungeon Overview and Level Annotations

Branches:
Dungeon (10/15)            Temple (1/1) D:7            Lair (4/6) D:9
  Snake (1/4) Lair:2
  Swamp: Lair:2-4    Shoals: Lair:2-4       Orc: D:9-12

Altars:
Ashenzari
Cheibriados
Dithmenos
Elyvilon
Fedhas
Gozag
Hepliaklqana
Kikubaaqudgha
Makhleb
Nemelex Xobeh
Okawaru
Qazlal
Ru
Sif Muna
Trog
Uskayaw
Vehumet
Xom
Yredelemnul
Zin
The Shining One

Shops:
D:5 ?

Annotations:
D:2 Sigmund


Innate Abilities, Weirdness & Mutations

You are immune to sickness and miasma.
You are immune to poison.
Your flesh is very heat resistant. (rF++)
You are vulnerable to cold. (rC-)
You float through the air rather than walking.
You learn spells naturally, not from books.
Your magical power is your life essence.
You have superior vitality. (+4 MHP)


Message History

Look: an elephant (lightly wounded, chance to affect: 50%)
The elephant is haunted by guilt! x2
The elephant resists with almost no effort.
The basilisk is haunted by guilt!
The elephant misses you.
The elephant trunk-slaps you but does no damage.
An elephant comes into view.
A lindwurm comes into view.
The lindwurm roars!
The basilisk gazes at you.
You are slowing down.
The elephant completely misses you. The elephant barely misses you. x2
The elephant trunk-slaps you.
The elephant is wracked by anguish.
Your limbs are stiffening.
The basilisk gazes at you.
You easily resist.
You have turned to stone.
The elephant tramples you but does no damage.
The elephant trunk-slaps you but does no damage.
The basilisk bites you. The elephant barely misses you.
The elephant trunk-slaps you. The elephant tramples you!
You hold your ground!
The elephant is wracked by anguish!
The elephant trunk-slaps you. The basilisk completely misses you.
The elephant tramples you!
* * * LOW HITPOINT WARNING * * *
You are shoved backwards!
The elephant completely misses you.
The elephant trunk-slaps you but does no damage.
The lindwurm bites you!
* * * LOW HITPOINT WARNING * * *
The lindwurm claws you but does no damage. x2
The elephant tramples you!
* * * LOW HITPOINT WARNING * * *
You are shoved backwards!
The elephant is wracked by anguish.
The elephant tramples you.
* * * LOW HITPOINT WARNING * * *
You hold your ground!
The elephant is wracked by anguish.
The elephant trunk-slaps you but does no damage.
The lindwurm bites you!
* * * LOW HITPOINT WARNING * * *
The lindwurm claws you!
You die...

,,,,,,,,,,,,,,,,,,,,,,,****
****,,,,,,#....,,,,,,,,* *
*,*,,,,,#....,,,,,,,**
****,,,,,*#....***,,***
,*,**,,,,,*#..P#####*
,,,,,,,,,,,........##
,,,,,,,...,..#....#.#
,,,,,,,....#.##....#*
**,*,**#..##.##.@..#
******##..##.##Yk..#*## ,*
#....#.#lYY.P##.# ,**
*#..##.#.YY.....## ,,*
##..##...........#* ,,*
#.................** ,**
##..P..P.<[.......,* ,*
##..#P.P.......Y..,* ,*
#.....P...........,*


You could see 6 elephants, a lindwurm and a basilisk (anguished).

Vanquished Creatures
  A hydra (Lair:2)
  A two-headed ogre (D:9)
  4 black mambas (Lair:2)
  2 cane toads
  A kobold demonologist (D:9)
  A komodo dragon (Lair:2)
  A troll (D:8)
  A tyrant leech (Lair:2)
  Prince Ribbit (D:8)
  3 wyverns
  5 yaks (Lair:2)
  A naga (Snake:1)
  3 swamp worms (Lair:2)
  An acid dragon (D:8)
  10 water moccasins
  4 orc warriors
  An ice beast (D:6)
  A sky beast (D:6)
  A black bear (D:6)
  5 wolves (Lair:1)
  2 necrophages
  3 ogres
  A centaur (D:6)
  2 kobold brigands
  5 bullfrogs
  A scorpion (D:5)
  A wyvern skeleton (D:7)
  9 howler monkeys
  19 killer bees
  3 jellies
  2 orc priests
  A gnoll shaman (D:7)
  A bullfrog skeleton (D:4)
  2 iguanas
  5 orc wizards
  A killer bee zombie (D:8)
  A howler monkey zombie (D:9)
  A howler monkey skeleton (D:3)
  3 gnolls (D:7)
  4 adders
  A white imp (D:6)
  An ufetubus (D:6)
  An adder skeleton (D:5)
  A worm (D:3)
  22 orcs
  3 bats
  An endoplasm (D:2)
  A giant cockroach (D:3)
  9 hobgoblins
  6 jackals
  19 kobolds
  5 quokkas
  6 ball pythons
  4 frilled lizards
  5 goblins
  5 rats
205 creatures vanquished.

Vanquished Creatures (others)
  A yak (Lair:2)
  A wolf (Lair:1)
  138 foxfires
  11 fungi
  7 plants
158 creatures vanquished.

Grand Total: 363 creatures vanquished

Notes
Turn   | Place    | Note
-------+----------+-------------------------------------------
     0 | D:1      | Basuran the Djinni Fire Elementalist began the quest for
                  | the Orb.
     0 | D:1      | Reached XP level 1. HP: 15/15 MP: 0/0
   187 | D:1      | Reached XP level 2. HP: 22/22 MP: 0/0
   400 | D:1      | Found a faded altar of an unknown god.
   546 | D:1      | Reached skill level 1 in Fighting
   962 | D:1      | Reached XP level 3. HP: 22/27 MP: 0/0
   962 | D:1      | Learned a level 1 spell: Pain
  1380 | D:2      | Found a bloodstained altar of Trog.
  1424 | D:2      | Reached skill level 3 in Dodging
  1658 | D:2      | Reached XP level 4. HP: 24/33 MP: 0/0
  1924 | D:2      | Noticed Sigmund
  3254 | D:4      | Reached XP level 5. HP: 14/39 MP: 0/0
  3254 | D:4      | Learned a level 2 spell: Passwall
  3668 | D:4      | Noticed an ogre
  3978 | D:4      | You are sucked into a shaft and drop 1 floor!
  3978 | D:5      | Entered Level 5 of the Dungeon
  3996 | D:5      | Reached skill level 4 in Dodging
  3996 | D:5      | Reached XP level 6. HP: 37/45 MP: 0/0
  4254 | D:4      | Killed an ogre
  4559 | D:5      | Noticed an ice beast
  4573 | D:5      | Noticed a wyvern
  4663 | D:5      | Noticed an orc warrior
  4901 | D:5      | Found Bylagha's Magic Scroll Shoppe.
  4904 | D:5      | Noticed a water moccasin
  4907 | D:5      | Killed a water moccasin
  4908 | D:5      | Reached XP level 7. HP: 46/51 MP: 0/0
  4908 | D:5      | Learned a level 3 spell: Lesser Beckoning
  4908 | D:5      | Bought a scroll of identify for 22 gold pieces
  4908 | D:5      | Bought a scroll of identify for 22 gold pieces
  4924 | D:5      | Identified the +1 robe of the Arcane {Str+4 Int+4}
  4988 | D:5      | Killed a wyvern
  4989 | D:5      | Reached skill level 5 in Dodging
  5079 | D:5      | Reached XP level 8. HP: 40/58 MP: 0/0
  5341 | D:6      | Reached skill level 6 in Dodging
  5980 | D:6      | Reached skill level 5 in Fighting
  6680 | D:6      | Reached skill level 5 in Spellcasting
  7145 | D:7      | Reached XP level 9. HP: 58/66 MP: 0/0
  7145 | D:7      | Learned a level 3 spell: Frozen Ramparts
  7259 | D:7      | Reached skill level 7 in Dodging
  7399 | D:7      | Found a staircase to the Ecumenical Temple.
  7415 | Temple   | Entered the Ecumenical Temple
  7682 | Temple   | Became a worshipper of Makhleb the Destroyer
  8617 | D:8      | Reached skill level 1 in Evocations
  8727 | D:8      | Reached skill level 8 in Dodging
  9217 | D:8      | Reached * piety under Makhleb
  9361 | D:8      | Noticed Prince Ribbit
  9369 | D:8      | Killed Prince Ribbit
  9370 | D:8      | Reached XP level 10. HP: 42/75 MP: 0/0
 10116 | D:9      | Found a white marble altar of Elyvilon.
 10800 | D:9      | Noticed a two-headed ogre
 10800 | D:9      | Found a staircase to the Lair.
 11174 | D:9      | Noticed a kobold demonologist
 11909 | D:9      | Reached skill level 9 in Dodging
 11957 | D:9      | Noticed a rust devil
 12694 | D:9      | Killed a two-headed ogre
 12914 | D:9      | Killed a kobold demonologist
 13639 | Lair:1   | Entered Level 1 of the Lair of Beasts
 13643 | Lair:1   | Noticed a cane toad
 13651 | Lair:1   | Killed a cane toad
 13652 | Lair:1   | Reached skill level 5 in Evocations
 13934 | Lair:1   | Reached XP level 11. HP: 72/82 MP: 0/0
 13934 | Lair:1   | Learned a level 4 spell: Anguish
 14100 | D:10     | Entered Level 10 of the Dungeon
 14115 | D:10     | Noticed a boulder beetle
 15407 | Lair:2   | Reached skill level 10 in Dodging
 15804 | Lair:2   | Noticed a four-headed hydra
 16626 | Lair:2   | Found a staircase to the Snake Pit.
 17340 | Lair:2   | You are sucked into a shaft and drop 2 floors!
 17513 | Lair:2   | Noticed a seven-headed hydra
 17601 | Lair:2   | Noticed a five-headed hydra
 17635 | Lair:2   | Killed a five-headed hydra
 17764 | Snake:1  | Entered Level 1 of the Snake Pit
 17771 | Snake:1  | Noticed a naga warrior
 17772 | Snake:1  | Noticed a shock serpent
 17772 | Snake:1  | Noticed a salamander
 17785 | Lair:2   | Reached XP level 12. HP: 23/91 MP: 0/0
 18492 | Lair:3   | HP: 3/91 [lindwurm (8)]
 18492 | Lair:3   | Slain by a lindwurm

Illustrated notes

Levels and vault maps discovered:
D:1:      lemuel_arrival_rhombus, layout_basic, ebering_ecumenical_altar_rust
D:2:      layout_basic, basic_altar, uniq_sigmund
D:3:      layout_loops_ring
D:4:      layout_cave_pools
D:5:      layout_cave_pools, serial_shops, nicolae_shop_behind_doors
D:6:      layout_layer_cave
D:7:      layout_cave_pools, temple_fountains
D:8:      layout_cave_pods, uniq_prince_ribbit1
D:9:      layout_rooms, mainiacjoe_overflow_brackets, lair_entry_dummy
D:10:     layout_irregular_city, kennysheep_minor_cross
Temple:   mainiacjoe_temple_starburst
Lair:1:   layout_regular_city
Lair:2:   layout_regular_city, palyth_hydra_swamp_entry,
          minmay_snake_entry_six_corridors, enter_volcano_1
Lair:3:   layout_gridlike
Lair:4:   layout_gridlike, serial_forest, infiniplex_forest_clump_tiny,
          infiniplex_forest_split, infiniplex_forest_clump_diagonal,
          infiniplex_forest_clump_diagonal, infiniplex_forest_clump_small,
          infiniplex_forest_diagonal, infiniplex_forest_straight_3
Snake:1:  layout_misc_corridors, uniq_donald

Skill      XL: |  1  2  3  4  5  6  7  8  9 10 11 |
---------------+----------------------------------+-----
Fighting       | 1 2 3 4 5 7 8 9 |  9.7
Dodging        | 3 4 5 6 8 9 10 | 10.9
Spellcasting   | 3 4 5 6 7 8 |  8.1
Evocations     | 2 5 6 |  6.6
Stealth        | |  1.5

Action                   |  1- 3 |  4- 6 |  7- 9 | 10-12 || total
-------------------------+-------+-------+-------+-------++-------
Melee: Short sword       |    16 |    11 |       |       ||    27
       Rapier            |       |     9 |       |       ||     9
       Mace              |       |       |     1 |    11 ||    12
 Cast: Foxfire           |    12 |    20 |    31 |    14 ||    77
       Scorch            |    26 |    48 |    98 |   188 ||   360
       Frozen Ramparts   |       |       |     9 |    14 ||    23
       Anguish           |       |       |       |     6 ||     6
Evoke: Wand              |       |       |     1 |     3 ||     4
  Use: Scroll            |       |     5 |     7 |    11 ||    23
       Potion            |       |       |       |     2 ||     2
 Stab: Sleeping          |     2 |       |       |     1 ||     3
Armor: Robe              |     8 |     4 |     9 |    41 ||    62
Dodge: Dodged            |    17 |    31 |    65 |   204 ||   317
